 Dungeon Crawl Stone Soup version 0.27.0-1-g7a089689b8 (webtiles) character file.

Game seed: 13540644890452736957

5636 ZombieSheep the Protected (level 10, -4/76 HPs)
             Began as a Gnoll Wanderer on Aug 6, 2021.
             Was an Elder of Lugonu.
             Slain by a warg (12 damage)
             ... on level 9 of the Dungeon.
             The game lasted 00:24:51 (10720 turns).

ZombieSheep the Protected (Gnoll Wanderer)         Turns: 10720, Time: 00:24:52

Health: -4/76      AC: 15    Str: 16    XL:     10   Next: 74%
Magic:  17/18      EV: 11    Int: 14    God:    Lugonu [****..]
Gold:   296        SH: 10    Dex: 11    Spells: 20/20 levels left

rFire    + + .     SeeInvis .   b - +5 hand axe (vamp)
rCold    . . .     Faith    .   J - +0 buckler
rNeg     . . .     Spirit   .   e - +2 scale mail
rPois    +         Reflect  +   i - +0 helmet
rElec    .         Harm     .   (no cloak)
rCorr    +         Rampage  .   g - +0 pair of gloves
Will     .....                  F - +0 pair of boots
Stlth    +.........             o - amulet of reflection
HPRegen  0.22/turn              k - ring "Biuchou" {Contam rPois rF++ rCorr Int+3}
MPRegen  0.16/turn              (no ring)

@: no status effects
A: fangs 1, strong nose, distributed training
a: Renounce Religion, Depart the Abyss, Bend Space, Banish, Corrupt


You were on level 9 of the Dungeon.
You worshipped Lugonu.
Lugonu was greatly pleased with you.
You visited 1 branch of the dungeon, and saw 9 of its levels.

You collected 374 gold pieces.
You spent 78 gold pieces at shops.

Inventory:

Hand Weapons
 a - a +0 hand crossbow
 b - a +5 vampiric hand axe (weapon)
 h - a +0 war axe
 t - a +0 flail of distortion
 A - a +2 spear
Missiles
 c - 109 bolts
 G - a throwing net (quivered)
Armour
 e - a +2 scale mail (worn)
 g - a +0 pair of gloves (worn)
 i - a +0 helmet (worn)
 j - a +0 plate armour
 z - a +0 kite shield
 F - a +0 pair of boots (worn)
 I - a +0 chain mail
 J - a +0 buckler (worn)
Jewellery
 f - a ring of wizardry
 k - the ring "Biuchou" (left hand) {Contam rPois rF++ rCorr Int+3}
   (You acquired it on level 8 of the Dungeon)

   [ring of poison resistance]

   Int:       It affects your intelligence (+3).
   rF:        It greatly protects you from fire.
   rPois:     It protects you from poison.
   Contam:    It causes magical contamination when unequipped.
   rCorr:     It protects you from acid and corrosion.
 m - an amulet of magic regeneration
 o - an amulet of reflection (around neck)
 v - a ring of flight
 w - a ring of wizardry
 K - the amulet "Kuynel" {Regen+ Int+6}
   (You found it on level 9 of the Dungeon)

   [amulet of regeneration]

   Int:       It affects your intelligence (+6).
   Regen:     It increases your rate of health regeneration.
Wands
 y - a wand of digging (5)
 B - a wand of mindburst (7)
 H - a wand of flame (14)
Scrolls
 d - 5 scrolls of enchant armour
 q - 5 scrolls of teleportation
 r - a scroll of fog
 C - 2 scrolls of blinking
Potions
 l - 2 potions of mutation
 n - 2 potions of attraction
 p - a potion of lignification
 s - 4 potions of curing
 u - a potion of ambrosia
 x - 4 potions of heal wounds {unknown}
 D - a potion of might {unknown}
 E - a potion of berserk rage {unknown}


   Skills:
 + Level 6.2 Fighting
 + Level 5.5 Short Blades
 + Level 5.5 Long Blades
 + Level 6.2 Axes
 + Level 5.5 Maces & Flails
 + Level 5.5 Polearms
 + Level 5.5 Staves
 + Level 5.5 Slings
 + Level 5.5 Bows
 + Level 7.3 Crossbows
 + Level 5.5 Throwing
 + Level 10.1 Armour
 + Level 5.5 Dodging
 + Level 5.5 Stealth
 + Level 6.2 Shields
 + Level 5.5 Unarmed Combat
 + Level 5.5 Spellcasting
 + Level 4.6 Conjurations
 + Level 4.6 Hexes
 + Level 4.6 Summonings
 + Level 4.6 Necromancy
 + Level 4.6 Translocations
 + Level 4.6 Transmutations
 + Level 4.6 Fire Magic
 + Level 4.6 Ice Magic
 + Level 4.6 Air Magic
 + Level 4.6 Earth Magic
 + Level 4.6 Poison Magic
 + Level 6.1 Invocations
 + Level 6.2 Evocations


You had 20 spell levels left.
You didn't know any spells.
Your spell library contained the following spells:

 Spells                   Type           Power      Damage    Failure   Level
 Animate Skeleton         Necr           32%        N/A       7%          1
 Beastly Appendage        Tmut           32%        N/A       7%          1
 Pain                     Necr           64%        1d7       7%          1
 Wereblood                Tmut           16%        N/A       11%         2
 Frozen Ramparts          Ice            32%        1d5       22%         3
 Inner Flame              Hex/Fire       16%        N/A       22%         3
 Spider Form              Tmut/Pois      8%         N/A       22%         3
 Stone Arrow              Conj/Erth      32%        3d9       22%         3
 Vampiric Draining        Necr           8%         2d7       22%         3
 Animate Armour           Summ/Erth      32%        N/A       56%         4
 Cause Fear               Hex            8%         N/A       56%         4
 Ice Form                 Ice/Tmut       16%        N/A       56%         4
 Summon Ice Beast         Ice/Summ       16%        N/A       56%         4
 Discord                  Hex            8%         N/A       100%        8
 Lehudib's Crystal Spear  Conj/Erth      8%         10d3      100%        8


Dungeon Overview and Level Annotations

Branches:
Dungeon (9/15)             Temple (0/1) D:6
   Lair: D:8-11         Orc: D:9-12

Altars:
Fedhas
Hepliaklqana
Okawaru
Ru
Uskayaw
Vehumet
Lugonu

Shops:
D:8 *

Portals:
Abyss: D:8

Annotations:
D:8 2 transporters, ZARRMARR's ghost, novice HOMo
Abyss:1 Harold


Innate Abilities, Weirdness & Mutations

You have very sharp teeth.
Your uncanny sense of smell can sniff out nearby items.
Your experience applies equally to all skills.


Message History

You hit the hell hound but do no damage.
The hell hound is severely wounded.
You hit the warg. The hell hound bites you.
The warg bites you but does no damage. You block the hell hound's attack.
You hit the hell hound but do no damage.
The hell hound is severely wounded.
You hit the warg.
You feel better. The warg bites you!
* * * LOW HITPOINT WARNING * * *
The hell hound bites you but does no damage.
You block the warg's attack.
You slash the hell hound!
You kill the hell hound!
Lugonu accepts your kill.
You barely miss the warg. You block the warg's attack.
You hit the warg.
You feel better.
The warg is lightly wounded.
You hit the warg. The warg barely misses you. You block the warg's attack.
Unknown command.
Unknown command.
You closely miss the warg. You bite the warg.
The warg is almost dead.
You slash the warg!
You feel better. The warg bites you.
* * * LOW HITPOINT WARNING * * *
The warg bites you.
* * * LOW HITPOINT WARNING * * *
You barely miss the warg.
The warg is almost dead.
You hit the warg. The warg closely misses you. You block the warg's attack.
The warg bites you but does no damage.
You closely miss the warg. Your bite misses the warg.
The warg is almost dead.
You hit the warg.
You feel better. The warg bites you.
* * * LOW HITPOINT WARNING * * *
The warg bites you!
* * * LOW HITPOINT WARNING * * *
The warg bites you.
* * * LOW HITPOINT WARNING * * *
Space bends sharply around you!
The warg blinks! x2; You blink.
You feel better. The warg bites you!
You die...

###########################
.h........§........P......#
..........†...............#
≈≈≈≈≈≈≈≈≈≈≈≈≈≈÷≈≈≈≈≈≈≈....#
≈≈≈≈≈≈≈≈≈≈≈≈≈≈≈≈≈≈≈≈≈≈....#
≈≈≈≈≈≈≈≈≈≈≈≈≈≈≈#####≈≈....#
..........hh@..#...#≈≈....#
################...#≈≈....#
#'###≈≈....# ..#.≈≈≈....#
#.≈≈≈....# ∆#.≈≈≈....#
∆#.≈≈≈....# #.≈≈≈..P.#
∆#.≈≈≈....#


You could see 2 wargs.

Vanquished Creatures
  A tengu conjurer (D:8)
  5 yaks (D:8)
  4 wargs (D:9)
  A hell hound (D:9)
  3 water moccasins
  An ice beast (D:5)
  2 orc warriors
  5 ogres
  3 centaurs
  Blork the orc (D:4)
  2 kobold brigands (D:9)
  2 bullfrogs
  2 scorpions
  A water moccasin skeleton (D:6)
  4 wights (D:7)
  2 howler monkeys (D:9)
  2 bullfrog zombies (D:5)
  A centaur zombie (D:8)
  A jelly (D:8)
  A gnoll shaman (D:9)
  8 orc priests
  A bullfrog skeleton (D:7)
  3 hounds
  A centaur skeleton (D:6)
  2 iguanas (D:5)
  7 orc wizards
  A killer bee zombie (D:5)
  6 gnolls
  9 adders
  2 white imps
  2 ufetubi
  2 worms
  3 dart slugs
  25 orcs
  9 endoplasms
  8 goblins
  4 hobgoblins
  8 jackals
  15 kobolds
  5 quokkas
  3 ball pythons
  2 bats
  3 frilled lizards
  5 rats
  A bush (D:6)
179 creatures vanquished.

Vanquished Creatures (others)
  A plant (D:9)
1 creature vanquished.

Grand Total: 180 creatures vanquished

Notes
Turn   | Place    | Note
-------+----------+-------------------------------------------
     0 | D:1      | ZombieSheep the Gnoll Wanderer began the quest for the Orb.
     0 | D:1      | ZombieSheep set off with the following items: a +0 hand
                  | crossbow, a +2 scale mail, 20 bolts, a potion of curing
     0 | D:1      | Reached XP level 1. HP: 17/17 MP: 1/1
   326 | D:1      | Found a faded altar of an unknown god.
   336 | D:1      | Reached XP level 2. HP: 23/23 MP: 2/2
   337 | D:1      | Became a worshipper of Lugonu the Unformed
   337 | D:1      | Reached * piety under Lugonu
   337 | D:1      | Reached ** piety under Lugonu
   889 | D:1      | HP: 1/23 [frozen (5)]
  1215 | D:2      | Reached XP level 3. HP: 13/28 MP: 2/4
  1347 | D:2      | Reached skill level 1 in Invocations
  1593 | D:2      | Reached skill level 1 in Short Blades
  1593 | D:2      | Reached skill level 1 in Long Blades
  1593 | D:2      | Reached skill level 1 in Maces & Flails
  1593 | D:2      | Reached skill level 1 in Polearms
  1593 | D:2      | Reached skill level 1 in Staves
  1593 | D:2      | Reached skill level 1 in Slings
  1593 | D:2      | Reached skill level 1 in Bows
  1593 | D:2      | Reached skill level 1 in Throwing
  1593 | D:2      | Reached skill level 1 in Dodging
  1593 | D:2      | Reached skill level 1 in Stealth
  1593 | D:2      | Reached skill level 1 in Unarmed Combat
  1593 | D:2      | Reached skill level 1 in Spellcasting
  1593 | D:2      | Reached XP level 4. HP: 34/34 MP: 5/5
  2165 | D:3      | Reached *** piety under Lugonu
  2227 | D:3      | Reached skill level 1 in Conjurations
  2227 | D:3      | Reached skill level 1 in Hexes
  2227 | D:3      | Reached skill level 1 in Summonings
  2227 | D:3      | Reached skill level 1 in Necromancy
  2227 | D:3      | Reached skill level 1 in Translocations
  2227 | D:3      | Reached skill level 1 in Transmutations
  2227 | D:3      | Reached skill level 1 in Fire Magic
  2227 | D:3      | Reached skill level 1 in Ice Magic
  2227 | D:3      | Reached skill level 1 in Air Magic
  2227 | D:3      | Reached skill level 1 in Earth Magic
  2227 | D:3      | Reached skill level 1 in Poison Magic
  2995 | D:4      | Reached XP level 5. HP: 31/40 MP: 5/7
  3494 | D:4      | Noticed an ogre
  3532 | D:4      | Killed an ogre
  3533 | D:4      | Reached XP level 6. HP: 1/47 MP: 4/8
  3906 | D:4      | Reached skill level 5 in Crossbows
  4182 | D:4      | Noticed Blork the orc
  4207 | D:4      | Killed Blork the orc
  4208 | D:4      | Reached XP level 7. HP: 6/52 MP: 6/10
  4604 | D:4      | Found an iron altar of Okawaru.
  4803 | D:5      | Entered Level 5 of the Dungeon
  5115 | D:5      | Reached skill level 9 in Armour
  5123 | D:5      | Reached XP level 8. HP: 33/60 MP: 12/12
  5461 | D:5      | Reached **** piety under Lugonu
  5747 | D:5      | Identified the +3 hunting sling "Reudunosh" {flame, *Slow
                  | rF++}
  7198 | D:6      | Found a blossoming altar of Fedhas.
  7297 | D:6      | Found a staircase to the Ecumenical Temple.
  7428 | D:6      | Reached XP level 9. HP: 37/66 MP: 14/14
  7874 | D:6      | Noticed a hornet
  7879 | D:6      | Paralysed by a hornet for 1 turns
  7880 | D:6      | Banished a hornet
  8513 | D:7      | Reached skill level 5 in Fighting
  8513 | D:7      | Reached skill level 5 in Axes
  8513 | D:7      | Reached skill level 5 in Shields
  8513 | D:7      | Reached skill level 5 in Evocations
  9037 | D:7      | Found a radiant altar of Vehumet.
  9077 | D:7      | Found a sacrificial altar of Ru.
  9342 | D:8      | Found a hazy altar of Hepliaklqana.
  9377 | D:8      | Noticed Harold
  9383 | D:8      | Banished Harold
  9384 | D:8      | Reached skill level 5 in Invocations
  9384 | D:8      | Reached XP level 10. HP: 74/74 MP: 7/17
  9473 | D:8      | Found Neol Gock's General Store.
  9511 | D:8      | Reached skill level 5 in Short Blades
  9511 | D:8      | Reached skill level 5 in Long Blades
  9511 | D:8      | Reached skill level 5 in Maces & Flails
  9511 | D:8      | Reached skill level 5 in Polearms
  9511 | D:8      | Reached skill level 5 in Staves
  9511 | D:8      | Reached skill level 5 in Slings
  9511 | D:8      | Reached skill level 5 in Bows
  9511 | D:8      | Reached skill level 5 in Throwing
  9511 | D:8      | Reached skill level 5 in Dodging
  9511 | D:8      | Reached skill level 5 in Stealth
  9511 | D:8      | Reached skill level 5 in Unarmed Combat
  9511 | D:8      | Reached skill level 5 in Spellcasting
  9578 | D:8      | Found a one-way gate to the infinite horrors of the Abyss.
  9578 | D:8      | Noticed ZARRMARR's ghost (novice HOMo)
  9607 | D:8      | Found a transporter.
  9633 | D:8      | Found a transporter.
  9780 | D:8      | Reached skill level 10 in Armour
  9828 | D:8      | Identified a scroll of acquirement
  9828 | D:8      | Acquired the ring "Biuchou" {Contam rPois rF++ rCorr Int+3}
  9867 | D:8      | Bought 26 bolts for 78 gold pieces
 10103 | D:9      | Found a hide-covered altar of Uskayaw.
 10241 | D:9      | Identified the amulet "Kuynel" {Regen+ Int+6}
 10718 | D:9      | HP: 3/76 [warg (4)]
 10720 | D:9      | Slain by a warg

Illustrated notes

Levels and vault maps discovered:
D:1:      dpeg_arrival_windows_large_door, layout_loops_cross,
          chequers_ecumenical_altar_simple, st_stairs_2
D:2:      layout_rooms
D:3:      layout_loops_ring, hangedman_decor_growths
D:4:      layout_basic, kennysheep_okawaru_gauntlet, uniq_blork_the_orc
D:5:      layout_loops_ring, kennysheep_generic_room_7
D:6:      layout_basic, fedhas_bush_and_centaur_altar, minmay_temple_entry_wispy
D:7:      layout_cave_pools, nicolae_ru_awakened_eye,
          nicolae_vehumet_altar_sigil
D:8:      layout_gridville, old_standard_altar, gammafunk_ghost_abyssal_escape,
          serial_shops, shop, uniq_harold
D:9:      lemuel_castle_with_subvaults [lemuel_castle_interior_carwin_2],
          layout_stronghold, nicolae_uskayaw_dance_studio

Skill      XL: |  1  2  3  4  5  6  7  8  9 10 |
---------------+-------------------------------+-----
Invocations    | 1 2 3 4 5 6 |  6.1
Short Blades   | 1 2 3 4 5 |  5.5
Long Blades    | 1 2 3 4 5 |  5.5
Maces & Flails | 1 2 3 4 5 |  5.5
Polearms       | 1 2 3 4 5 |  5.5
Staves         | 1 2 3 4 5 |  5.5
Slings         | 1 2 3 4 5 |  5.5
Bows           | 1 2 3 4 5 |  5.5
Throwing       | 1 2 3 4 5 |  5.5
Dodging        | 1 2 3 4 5 |  5.5
Stealth        | 1 2 3 4 5 |  5.5
Unarmed Combat | 1 2 3 4 5 |  5.5
Spellcasting   | 1 2 3 4 5 |  5.5
Conjurations   | 1 2 3 4 |  4.6
Hexes          | 1 2 3 4 |  4.6
Summonings     | 1 2 3 4 |  4.6
Necromancy     | 1 2 3 4 |  4.6
Translocations | 1 2 3 4 |  4.6
Transmutations | 1 2 3 4 |  4.6
Fire Magic     | 1 2 3 4 |  4.6
Ice Magic      | 1 2 3 4 |  4.6
Air Magic      | 1 2 3 4 |  4.6
Earth Magic    | 1 2 3 4 |  4.6
Poison Magic   | 1 2 3 4 |  4.6
Fighting       | 3 4 5 6 |  6.2
Axes           | 3 4 5 6 |  6.2
Shields        | 3 4 5 6 |  6.2
Evocations     | 3 4 5 6 |  6.2
Crossbows      | 5 6 7 |  7.3
Armour         | 9 10 | 10.1

Action                   |  1- 3 |  4- 6 |  7- 9 | 10-12 || total
-------------------------+-------+-------+-------+-------++-------
Melee: Club              |    60 |     3 |       |       ||    63
       Bite              |     3 |    12 |    30 |    27 ||    72
       Whip              |       |   141 |       |       ||   141
       Flail             |       |     5 |       |       ||     5
       Hand axe          |       |       |   280 |   244 ||   524
       Punch             |       |       |     3 |     3 ||     6
 Fire: Hand crossbow     |    21 |    76 |   135 |     7 ||   239
Invok: Bend Space        |       |     8 |     5 |     1 ||    14
       Banish            |       |       |     3 |     1 ||     4
  Use: Scroll            |     1 |     6 |     8 |     1 ||    16
       Potion            |     1 |     2 |       |     1 ||     4
Armor: Scale mail        |    56 |   102 |   189 |   120 ||   467
Dodge: Dodged            |    33 |    68 |   189 |    79 ||   369
Block: Other             |       |       |    20 |    14 ||    34
       Buckler           |       |       |       |    82 ||    82
       Reflection        |       |       |       |     1 ||     1
